 Dungeon Crawl Stone Soup version 0.26-a0-1049-g242049e08c (webtiles) character file.

Game seed: 14677979790835189284

26 ANON1729 the Caller (level 3, -1/33 HPs)
             Began as an Ogre Summoner on Dec 12, 2020.
             Slain by a kobold
             ... wielding a +1 dagger of electrocution
              (15 damage)
             ... on level 1 of the Dungeon.
             The game lasted 00:01:55 (1747 turns).

ANON1729 the Caller (Ogre Summoner)                 Turns: 1747, Time: 00:01:56

Health: -1/33      AC:  3    Str: 12    XL:     3   Next: 8%
Magic:  6/7        EV: 10    Int: 17    God:
Gold:   33         SH:  0    Dex:  9    Spells: 6/7 levels left

rFire    . . .     SeeInvis .   d - +0 whip
rCold    . . .     Faith    .   (no shield)
rNeg     . . .     Spirit   .   a - +0 robe
rPois    .         Reflect  .   (helmet restricted)
rElec    .         Harm     .   (no cloak)
rCorr    .         Rampage  .   (gloves unavailable)
Will     .....                  (boots unavailable)
Stlth    +.........             (no amulet)
HPRegen  0.11/turn              (no ring)
MPRegen  0.10/turn              (no ring)

@: no status effects
A: large, unfitting armour, tough skin 1
a: no special abilities


You were on level 1 of the Dungeon.
You visited 1 branch of the dungeon, and saw 1 of its levels.

You collected 33 gold pieces.

Inventory:

Hand Weapons
 d - a +0 whip (weapon)
Armour
 a - a +0 robe (worn)
Scrolls
 c - a scroll of remove curse {unknown}
Potions
 b - a potion of degeneration {unknown}


   Skills:
 + Level 1.1 Fighting
 + Level 2.1 Dodging
 - Level 1.5 Stealth
 + Level 2.8 Spellcasting
 * Level 3.9 Summonings


You had 6 spell levels left.
You knew the following spells:

 Your Spells              Type           Power        Failure   Level
a - Summon Small Mammal   Summ           ###.         3%          1

Your spell library contained the following spells:

 Spells                   Type           Power        Failure   Level
 Call Imp                 Summ           ###.....     5%          2
 Call Canine Familiar     Summ           ###.....     11%         3
 Summon Guardian Golem    Hex/Summ       #.......     24%         3
 Summon Ice Beast         Ice/Summ       #.......     61%         4
 Summon Lightning Spire   Summ/Air       #.......     61%         4


Dungeon Overview and Level Annotations

Branches:
Dungeon (1/15)

Altars:


Innate Abilities, Weirdness & Mutations

You are too large for most types of armour.
You have tough skin. (AC +1)


Message History

You barely miss the kobold. The kobold hits you but does no damage.
You barely miss the kobold.
The hobgoblin shouts!
The kobold hits you but does no damage.
You are electrocuted!
You barely miss the kobold.
The kobold hits you with a +1 dagger of electrocution. x2
You hit the kobold but do no damage. The kobold hits you but does no damage.
You barely miss the kobold.
The kobold hits you with a +1 dagger of electrocution.
You closely miss the kobold.
The kobold hits you with a +1 dagger of electrocution.
You are too injured to fight recklessly!
You are too injured to fight recklessly!
You are too injured to fight recklessly!
You are too injured to fight recklessly!
Casting: Summon Small Mammal (safe; 3% risk of failure)
Confirm with . or Enter, or press ? or * to list all spells.
The kobold hits you with a +1 dagger of electrocution.
You are electrocuted!
You die... ### #.#################.# .....gKK@r.........)# ♣♣♣♣♣ ###################.# ♣PPP♣

.........##)# ♣P..♣♣
############.##.# ♣PPP.♣♣♣ #....#
#.##'#####
♣PP.PPP♣#####....#######........#
♣♣♣....♣....'....'......†..>....#
.♣♣♣P.♣♣.####....#######........#
.##♣P.♣♣.# #....# #........#


You could see a hobgoblin, 2 kobolds and a friendly quokka (summoned).

Vanquished Creatures
  2 dart slugs (D:1)
  3 goblins (D:1)
  2 hobgoblins (D:1)
  2 jackals (D:1)
  3 kobolds (D:1)
  A ball python (D:1)
  A bat (D:1)
  A frilled lizard (D:1)
  3 rats (D:1)
18 creatures vanquished.

Vanquished Creatures (collateral kills)
  A bat (D:1)
  A goblin (D:1)
  2 jackals (D:1)
  A rat (D:1)
5 creatures vanquished.

Vanquished Creatures (others)
  3 plants (D:1)
3 creatures vanquished.

Grand Total: 26 creatures vanquished

Notes
Turn   | Place    | Note
-------+----------+-------------------------------------------
     0 | D:1      | ANON1729 the Ogre Summoner began the quest for the Orb.
     0 | D:1      | Reached XP level 1. HP: 16/16 MP: 3/3
   548 | D:1      | Reached XP level 2. HP: 21/24 MP: 3/5
  1604 | D:1      | Reached skill level 1 in Fighting
  1649 | D:1      | Reached XP level 3. HP: 25/33 MP: 7/7
  1747 | D:1      | Slain by a kobold

Illustrated notes

Levels and vault maps discovered:
D:1:      elethiomel_arrival_fortress_basement, layout_basic, serial_forest,
          infiniplex_forest_clump_diagonal, infiniplex_forest_clump_small,
          infiniplex_forest_end_3, infiniplex_forest_end_2,
          infiniplex_forest_end_3, infiniplex_forest_zigzag_1,
          infiniplex_forest_straight_4

Skill      XL: |  1  2 |
---------------+-------+-----
Dodging        | 2 |  2.1
Fighting       | 1 |  1.1
Stealth        | |  1.5
Spellcasting   | |  2.8
Summonings     | |  3.9

Action                   || total
-------------------------++-------
Melee: Unarmed           ||    52
       Whip              ||    88
 Cast: Summon Small Mamm ||     9
 Stab: Sleeping          ||     1
Armor: Robe              ||    32
Dodge: Dodged            ||    81

Table legend: (Time is in decaauts)
 A = Elapsed time spent in this place.
 B = Non-inter-level travel time spent in this place.
 C = Inter-level travel time spent in this place.
 D = Time resting spent in this place.
 E = Time spent auto-exploring this place.
 F = Levels seen in this place.
 G = Mean time per level.
                   A        B        C        D        E       F      G
               +--------+--------+--------+--------+--------+-----+--------+
         Total |   1755 |   1755 |      0 |    528 |    936 |   1 | 1755.0 |
       Dungeon |   1755 |   1755 |      0 |    528 |    936 |   1 | 1755.0 |
               +--------+--------+--------+--------+--------+-----+--------+

Top non-repeatable levels by time:
     D:1: 1755 daAuts
